 Dungeon Crawl Stone Soup version 0.26-a0-710-g95a0c6c400 (webtiles) character file.

Game seed: 6031487676941235800

618 Ijustatesigmund the Chopper (level 7, -1/49 HPs)
             Began as an Octopode Fighter on Oct 30, 2020.
             Was a Follower of Cheibriados.
             Slain by a sky beast (6 damage)
             ... on level 5 of the Dungeon.
             The game lasted 00:05:49 (5205 turns).

Ijustatesigmund the Chopper (Octopode Fighter)      Turns: 5205, Time: 00:05:50

Health: -1/49      AC:  1    Str: 17    XL:     7   Next: 45%
Magic:  9/9        EV: 12    Int: 15    God:    Cheibriados [*.....]
Gold:   58         SH: 12    Dex: 13    Spells: 6/6 levels left

rFire    . . .     SeeInvis .   a - +1 war axe
rCold    . . .     Faith    .   b - +3 kite shield
rNeg     . . .     Spirit   .   (helmet restricted)
rPois    .         Reflect  .   (no amulet)
rElec    .         Harm     .   (no ring)
rCorr    .         Rampage  .   (no ring)
MR       .....                  (no ring)
Stlth    ++........             (no ring)
HPRegen  0.16/turn              (no ring)
MPRegen  0.11/turn              (no ring)
                                (no ring)
                                (no ring)

@: very slow
A: almost no armour, stealthy swim, amphibious, 8 rings, constrict 8, camouflage
1, gelatinous body 1
a: Bend Time, Renounce Religion


You were on level 5 of the Dungeon.
You worshipped Cheibriados.
Cheibriados was aware of your devotion.
You visited 2 branches of the dungeon, and saw 6 of its levels.

You collected 227 gold pieces.
You spent 169 gold pieces at shops.

Inventory:

Hand Weapons
 a - a +1 war axe (weapon)
Missiles
 g - 14 poisoned darts (quivered)
Armour
 b - a +3 kite shield (worn)
Scrolls
 e - 3 scrolls of fear
 l - a scroll of remove curse
 q - a scroll of teleportation
Potions
 c - 3 potions of might
 d - a potion of heal wounds
 f - 3 potions of curing {unknown}
 h - 2 potions of haste
 i - 3 potions of flight
 j - 3 potions of brilliance
 k - 2 potions of lignification {unknown}
 p - a potion of magic {unknown}
 r - a potion of cancellation {unknown}
 s - a potion of mutation {unknown}
 t - a potion of ambrosia {unknown}


   Skills:
 + Level 4.9 Fighting
 + Level 5.4 Axes
 + Level 3.6 Dodging
 + Level 3.6 Shields
 * Level 3.1 Invocations


You had 6 spell levels left.
You didn't know any spells.
Your spell library contained the following spells:

 Spells                   Type           Power        Failure   Level
 Animate Skeleton         Necr           #.....       75%         1
 Apportation              Tloc           #.....       75%         1
 Corona                   Hex            #......      75%         1
 Summon Small Mammal      Summ           #...         75%         1


Dungeon Overview and Level Annotations

Branches:
Dungeon (5/15)             Temple (1/1) D:4

Altars:
Ashenzari
Cheibriados
Elyvilon
Fedhas
Gozag
Hepliaklqana
Kikubaaqudgha
Makhleb
Nemelex Xobeh
Ru
Sif Muna
Trog
Uskayaw
Vehumet
Wu Jian
Xom
Zin

Shops:
D:4 (

Annotations:
Abyss:1 Edmund


Innate Abilities, Weirdness & Mutations

You cannot wear most types of armour.
You are very stealthy in the water. (Stealth+)
You are amphibious.
You can wear up to eight rings at the same time.
You can use your tentacles to constrict eight enemies at once.
Your skin changes colour to match your surroundings (Stealth+).
Your rubbery body absorbs attacks. (AC +1, EV +1)


Message History

The sky beast is lightly wounded.
You block the sky beast's attack.
You miss the sky beast.
The sky beast is lightly wounded.
The sky beast hits you but does no damage.
You hit the sky beast. Your squeeze misses the sky beast.
The sky beast is lightly wounded.
The sky beast flickers out of sight!
Deactivating autopickup; reactivate with Ctrl-A.
Something hits you. Something shocks you.
You closely miss something.
You hear the slow hiss of a very distant avalanche of sand.
You block something's attack. Something hits you.
* * * LOW HITPOINT WARNING * * *
Something shocks you.
* * * LOW HITPOINT WARNING * * *
You closely miss something. Your squeeze misses something. Something hits you.
* * * LOW HITPOINT WARNING * * *
Something shocks you.
You die...

#.......##......######
................††....
#.......##......##...#
#.......##......##...#
#.......##......##...#
......................
##########......##...#
###########......##...#
#...?{@..........##...#
#................##...#
#................######
#................#
#............#####
##############


There were no monsters in sight!

Vanquished Creatures
  A phantom (D:4)
  A hound (D:5)
  A jelly (D:5)
  A bullfrog skeleton (D:5)
  2 iguanas (D:4)
  5 worker ants
  4 adders
  3 gnolls (D:5)
  An ooze (D:1)
  6 worms
  A dart slug (D:1)
  4 leopard geckos
  2 orcs
  4 giant cockroaches
  3 hobgoblins
  8 jackals
  7 kobolds
  A quokka (D:2)
  A ball python (D:2)
  5 bats
  9 frilled lizards
  7 goblins
  A quokka zombie (D:5)
  5 rats
83 creatures vanquished.

Notes
Turn   | Place    | Note
-------+----------+-------------------------------------------
     0 | D:1      | Ijustatesigmund the Octopode Fighter began the quest for
                  | the Orb.
     0 | D:1      | Reached XP level 1. HP: 16/16 MP: 1/1
   281 | D:1      | Reached XP level 2. HP: 21/21 MP: 2/2
   829 | D:1      | Reached skill level 3 in Axes
   829 | D:1      | Reached XP level 3. HP: 19/26 MP: 3/3
  1424 | D:2      | Noticed an angel
  1425 | D:2      | Found a shimmering altar of Xom.
  1425 | D:2      | Found a glowing silver altar of Zin.
  1608 | D:2      | Found an ornate altar of the Wu Jian Council.
  1626 | D:2      | Found a burning altar of Makhleb.
  1798 | D:2      | Reached XP level 4. HP: 32/32 MP: 4/4
  1909 | D:2      | Found an opulent altar of Gozag.
  1910 | D:2      | Found a sparkling altar of Nemelex Xobeh.
  2310 | D:3      | Found a radiant altar of Vehumet.
  2676 | D:3      | Reached skill level 4 in Axes
  3331 | D:3      | Found a broken altar of Ashenzari.
  3466 | D:4      | Found a staircase to the Ecumenical Temple.
  3467 | D:4      | Noticed a phantom
  3477 | D:4      | Reached XP level 5. HP: 11/37 MP: 5/5
  3479 | D:4      | Killed a phantom
  3479 | D:4      | Reached skill level 5 in Axes
  3483 | Temple   | Entered the Ecumenical Temple
  4000 | Temple   | Became a worshipper of Cheibriados the Contemplative
  4012 | D:4      | Found Toamoc's Antique Weapon Boutique.
  4021 | D:4      | Reached XP level 6. HP: 23/44 MP: 6/6
  4273 | D:4      | Found a sparkling altar of Nemelex Xobeh.
  4306 | D:4      | Reached skill level 1 in Invocations
  4448 | D:4      | Noticed Edmund
  4453 | D:4      | Banished Edmund
  4899 | D:4      | Reached XP level 7. HP: 49/49 MP: 8/8
  4983 | D:4      | Bought a masterwork hunting sling for 169 gold pieces
  4983 | D:4      | Identified the +6 hunting sling of the Evening {speed,
                  | Str+2} (You bought it in a shop on level 4 of the Dungeon)
  4996 | D:5      | Entered Level 5 of the Dungeon
  5137 | D:5      | Reached * piety under Cheibriados
  5205 | D:5      | Slain by a sky beast

Illustrated notes

Levels and vault maps discovered:
D:1:      lightli_arrival_farm, layout_loops_corners
D:2:      layout_basic, grunt_temple_overflow_order_and_chaos_1,
          grunt_temple_overflow_opulence, old_standard_altar,
          lemuel_doored_altar, minmay_cupped
D:3:      layout_basic, nicolae_overflow_hidden_temple,
          overflow_temple_1_default, serial_park_tiny_2
D:4:      layout_cave_pools, minmay_temple_entry_stoned_glass, serial_shops,
          nicolae_shop_trees, nemelex_xobeh_ov_fountains_minmay, uniq_edmund
D:5:      layout_basic, kennysheep_little_box, ebering_ghost_reflecting_pool,
          gup_ossuary_entry_pyramid
Temple:   nicolae_temple_figure_zero

Skill      XL: |  1  2  3  4  5  6  7 |
---------------+----------------------+-----
Axes           | 3 4 5 |  5.4
Fighting       | 4 |  4.9
Invocations    | 2 3 |  3.1
Dodging        | |  3.6
Shields        | |  3.6

Action                   |  1- 3 |  4- 6 |  7- 9 || total
-------------------------+-------+-------+-------++-------
Melee: War axe           |    75 |    65 |    41 ||   181
       Constrict         |    20 |    22 |    10 ||    52
       Tentacles         |     7 |    18 |     9 ||    34
       Hand axe          |       |    10 |       ||    10
  Use: Scroll            |     6 |     6 |     1 ||    13
       Potion            |       |     1 |       ||     1
 Stab: Sleeping          |     7 |     3 |     1 ||    11
Armor: Skin              |    10 |     1 |     1 ||    12
Dodge: Dodged            |    27 |    27 |    12 ||    66
Block: Kite shield       |    20 |    34 |    24 ||    78

Table legend: (Time is in decaauts)
 A = Elapsed time spent in this place.
 B = Non-inter-level travel time spent in this place.
 C = Inter-level travel time spent in this place.
 D = Time resting spent in this place.
 E = Time spent auto-exploring this place.
 F = Levels seen in this place.
 G = Mean time per level.
                   A        B        C        D        E       F      G
               +--------+--------+--------+--------+--------+-----+--------+
         Total |   5435 |   5314 |    121 |   1125 |   3572 |   6 |  905.8 |
       Dungeon |   4906 |   4814 |     92 |    756 |   3465 |   5 |  981.2 |
        Temple |    529 |    500 |     29 |    369 |    107 |   1 |  529.0 |
               +--------+--------+--------+--------+--------+-----+--------+

Top non-repeatable levels by time:
     D:3: 1388 daAuts
     D:4: 1156 daAuts
     D:2: 1107 daAuts
     D:1: 1002 daAuts
  Temple: 529 daAuts
     D:5: 252 daAuts
